 Dungeon Crawl Stone Soup version 0.20-a0-993-gba41c3c (webtiles) character file.

148281 Alarkh the Severer (level 16, -16/129 HPs)
             Began as a Demonspawn Skald on Apr 10, 2017.
             Was the Champion of Okawaru.
             Killed from afar by Nikola (17 damage)
             ... with a chain lightning
             ... on level 3 of the Spider Nest on Apr 11, 2017.
             The game lasted 01:44:00 (41401 turns).

Alarkh the Severer (Demonspawn Skald)              Turns: 41401, Time: 01:44:00

Health: -16/129    AC: 33    Str: 13    XL:     16   Next: 93%
Magic:  21/22      EV: 29    Int: 15    God:    Okawaru [******]
Gold:   2364       SH:  0    Dex: 28    Spells: 11/27 levels left

rFire    . . .     SeeInvis +   a - +3 battleaxe (flame)
rCold    . . .     Gourm    .   (shield currently unavailable)
rNeg     + . .     Faith    +   F - +2 pearl dragon scales
rPois    +         Spirit   .   (no helmet)
rElec    .         Reflect  .   u - +2 cloak "Quproest" {+Fly rPois rC+ Int-5}
rCorr    .         Harm     .   z - +2 pair of gloves {Dex+3}
MR       ++...                  (no boots)
Stlth    ++++++....             o - amulet of faith
Regen    0.4/turn               p - +6 ring of protection
MPRegen  0.2/turn               J - ring of Bydaowki {rC- MR+ Dex+7 Slay+3}

@: agile, about to teleport, heroism, very slightly contaminated
A: hooves 1, see invisible, blink, low mp 1, nightstalker 3, powered by death 1,
shaggy fur 1, sturdy frame 3
a: Blink, Heroism, Finesse, Renounce Religion, Evoke Flight


You were on level 3 of the Spider Nest.
You worshipped Okawaru.
Okawaru was exalted by your worship.
You were near starving.

You visited 5 branches of the dungeon, and saw 27 of its levels.
You also visited: Labyrinth, Bailey, Ice Cave and Volcano.

You collected 3285 gold pieces.
You spent 921 gold pieces at shops.

Inventory:

Hand Weapons
 a - a +3 battleaxe of flaming (weapon)
 b - a +1 battleaxe of freezing
 D - a +2 triple sword of electrocution
 Y - the +0 hand axe of Invincibility {freeze, *Contam Str+3}
   (You found it on level 3 of the Spider Nest)

   It has been specially enchanted to freeze those struck by it, causing extra
   injury to most foes and up to half again as much damage against particularly
   susceptible opponents.
   It can also slow down cold-blooded creatures.
   It affects your strength (+3).
   It causes magical contamination when unequipped.
Armour
 u - the +2 cloak "Quproest" (worn) {+Fly rPois rC+ Int-5}
   (You found it on level 1 of the Spider Nest)

   It affects your intelligence (-5).
   It protects you from cold.
   It protects you from poison.
   It lets you fly.
 z - a +2 pair of gloves of dexterity (worn)
 F - +2 pearl dragon scales (worn)
 T - the scarf of the Ecumenical Temple {rPois}
   (Okawaru gifted it to you on level 5 of the Lair of Beasts)

   It protects you from poison.
 V - a +0 cloak of magic resistance
 X - a scarf of repulsion
Jewellery
 f - an uncursed ring of flight
 l - an uncursed ring of resist corrosion
 o - an amulet of faith (around neck)
 p - a +6 ring of protection (left hand)
 J - the ring of Bydaowki (right hand) {rC- MR+ Dex+7 Slay+3}
   (You found it on level 6 of the Lair of Beasts)

   [ring of protection from magic]

   It affects your dexterity (+7).
   It affects your accuracy and damage with ranged weapons and melee attacks
   (+3).
   It makes you vulnerable to cold.
   It affects your resistance to hostile enchantments.
 Q - an uncursed ring of protection from cold
Wands
 i - a wand of confusion (19/48)
 j - a wand of paralysis (11/24)
 x - a wand of clouds (5/9)
 A - a wand of digging (13/24)
 M - a wand of paralysis (17/24)
 N - a wand of acid (4/15)
Scrolls
 c - a scroll of summoning
 e - a scroll of identify
 h - 13 scrolls of remove curse
 k - 6 scrolls of teleportation
 m - a scroll of brand weapon
 q - a scroll of magic mapping
 t - 5 scrolls of fog
 y - 6 scrolls of recharging
 B - 2 scrolls of silence
 H - 4 scrolls of vulnerability
 L - 5 scrolls of immolation
 S - a scroll of fear
Potions
 g - a potion of might
 s - 8 potions of curing
 C - 4 potions of flight
 E - 3 potions of berserk rage
 G - 4 potions of agility
 I - 3 potions of resistance
 O - a potion of invisibility
 P - a potion of haste
 U - 5 potions of heal wounds
Books
 r - a book of Enchantments

   Spells                             Type                      Level
   a - Cause Fear                     Hexes                        4
   b - Yara's Violent Unravelling     Hexes/Transmutation          5
   c - Silence                        Hexes/Air                    5
   d - Deflect Missiles               Charms/Air                   6
   e - Discord                        Hexes                        8
 w - a book of Air

   Spells                             Type                      Level
   a - Shock                          Conjuration/Air              1
   b - Swiftness                      Charms/Air                   2
   c - Static Discharge               Conjuration/Air              3
   d - Airstrike                      Air                          4
   e - Lightning Bolt                 Conjuration/Air              5
Miscellaneous
 R - a phial of floods
Comestibles
 d - 17 bread rations
 v - 2 meat rations
 W - 2 fruits


   Skills:
 + Level 12.4(17.4) Fighting
 * Level 17.9(22.9) Axes
 + Level 11.2(16.2) Armour
 + Level 11.5(16.5) Dodging
 - Level 6.0 Spellcasting
 - Level 6.0 Charms
 - Level 8.0 Invocations


You had 11 spell levels left.
You knew the following spells:

 Your Spells              Type           Power        Failure   Level  Hunger
a - Regeneration          Chrm/Necr      ##........   17%         3    ##.....
b - Summon Butterflies    Summ           #.......     21%         1    None
c - Spectral Weapon       Hex/Chrm       ##......     17%         3    ##.....
d - Deflect Missiles      Chrm/Air       ##........   100%        6    #######
e - Shroud of Golubria    Chrm/Tloc      ##........   10%         2    #......
f - Apportation           Tloc           #.....       21%         1    None


Dungeon Overview and Level Annotations

Branches:
Dungeon (15/15)            Temple (1/1) D:7            Lair (6/6) D:11
 Shoals (0/4) Lair:2       Spider (3/4) Lair:2        Slime (0/5) Lair:6
    Orc (2/2) D:9             Elf (0/3) Orc:2        Vaults (0/5) D:14
 Depths (0/5) D:15

Altars:
Ashenzari
Cheibriados
Dithmenos
Elyvilon
Fedhas
Gozag
Hepliaklqana
Kikubaaqudgha
Makhleb
Nemelex Xobeh
Okawaru
Qazlal
Ru
Sif Muna
Trog
Uskayaw
Vehumet
Wu Jian
Xom
Yredelemnul
Zin
The Shining One

Shops:
D:4 !   D:7 =   D:9 ?   D:14 (   Orc:1 *   Orc:2 =:*(

Annotations:
D:8 bworf's ghost, novice DgWn
Spider:3 Nikola


Innate Abilities, Weirdness & Mutations

You have large cloven feet.
You are completely attuned to the shadows.
You regenerate a little health from kills.
Your movements are significantly less encumbered by armour. (ER -6)
You have supernaturally acute eyesight. (SInv)
You can translocate small distances at will.
Your magical capacity is low. (-10% MP)
You are covered in fur. (AC +1)


Message History

Nikola is moderately wounded.
Nikola mumbles some strange words.
You hear a mighty clap of thunder!
You hit Nikola. You burn Nikola. You kick Nikola, but do no damage.
Nikola is heavily wounded.
Nikola warns, "If you see one of my golems, approach with caution, they bite."
Nikola mumbles some strange words.
You hear a mighty clap of thunder!
* * * LOW HITPOINT WARNING * * *
Unknown command.
Blink to where?
Press: ? - help, Dir - move target cursor You are very lightly contaminated with residual magic.
As you read the scroll of blinking, it crumbles to dust.
As you read the scroll of teleportation, it crumbles to dust.
You feel strangely unstable.
Nikola casts a spell.
You hear a mighty clap of thunder!
* * * LOW HITPOINT WARNING * * *
You die...

###..##
#...##..##≈
##...#
##.....#≈#≈
#....#
#..^.##≈≈≈
#...##
#####≈≈≈##
##...# #≈≈#
#..## ≈≈#
#..## ≈≈
###..# ...
#..@## @..#
#..## ≈≈
#..###.^#
#≈
#.§#@...#
≈≈ #....###
≈≈ ##^###
≈≈##≈≈ ###
#≈≈#≈≈
≈≈≈≈# #≈#^


You could see Nikola.

Vanquished Creatures
  Mara (Spider:3)
  Rupert (D:12)
  Roxanne (D:15)
  2 entropy weavers (Spider:2)
  A white draconian (IceCv)
  A spark wasp (Spider:3)
  A minotaur (Lab)
  Josephine (D:11)
  Erolcha (Orc:1)
  2 fire dragons (Lair:6)
  10 hydras
  4 centaur warriors
  2 dancing weapons (D:14)
  10 death yaks
  A tengu warrior (D:14)
  20 two-headed ogres
  3 ogre magi
  A fire crab (Lair:6)
  A fire crab (shapeshifter) (D:15)
  An unseen horror (D:15)
  A lindwurm (Lair:6)
  2 deep trolls (Orc:2)
  A swamp dragon (Lair:6)
  A wizard (D:15)
  14 orb spiders
  A wolf spider zombie (D:14)
  19 wolf spiders
  A deep elf mage (D:15)
  A manticore (D:15)
  An orc sorcerer (D:15)
  7 cyclopes
  5 ugly things
  3 elephants (Lair:6)
  A centaur zombie (D:13)
  5 molten gargoyles (Volcano)
  A naga mage (D:15)
  2 gargoyles (D:15)
  7 spiny frogs
  An ice statue (IceCv)
  3 centaur skeletons
  6 black mambas
  7 torpor snails (Lair:6)
  6 rime drakes
  3 efreet
  5 komodo dragons
  A freezing wraith (D:14)
  A minotaur zombie (Lab)
  6 demonic crawlers
  2 kobold demonologists (D:13)
  A merfolk (shapeshifter) (D:14)
  17 jumping spiders
  17 polar bears
  11 hornets
  13 trolls
  4 tyrant leeches (Lair:6)
  A slime creature (D:15)
  10 blink frogs
  15 hippogriffs
  A centaur simulacrum (D:15)
  A spriggan (Lair:3)
  6 wraiths
  A shadow (D:10)
  22 tarantellas
  4 wyverns
  39 redbacks
  59 yaks
  3 fire elementals (Volcano)
  3 basilisks
  5 hungry ghosts
  Menkaure (D:4)
  6 vampire mosquitoes
  4 acid dragons
  5 wargs (Orc:2)
  2 soldier ants
  4 hell hounds
  9 water moccasins
  5 porcupines
  2 swamp drakes (Lair:6)
  11 orc warriors
  A black bear (shapeshifter) (D:15)
  4 black bears
  2 phantoms
  4 sky beasts
  2 hornet zombies
  3 necrophages
  An eye of draining (shapeshifter) (D:14)
  26 ogres
  5 ice beasts
  48 wolves
  6 centaurs
  13 crocodiles
  5 big kobolds
  Blork the orc (D:3)
  An earth elemental (Volcano)
  19 bullfrogs
  A wyvern zombie (D:14)
  A wyvern skeleton (D:9)
  A scorpion (D:3)
  23 jellies
  12 wights
  4 howler monkeys
  5 electric eels
  8 crimson imps
  A wyvern simulacrum (D:14)
  8 orc priests
  5 hounds
  15 orc wizards
  A bullfrog skeleton (D:11)
  Terence (D:1)
  3 hell rats (Lair:5)
  2 iguanas (Lair:6)
  8 worker ants
  A killer bee zombie (D:7)
  13 gnolls (Bailey)
  9 adders
  4 river rats (Lair:5)
  3 shadow imps
  4 oozes
  4 worms
  5 dart slugs
  4 leopard geckos
  54 orcs
  3 bats
  8 giant cockroaches
  11 goblins
  17 hobgoblins
  6 jackals
  7 quokkas
  2 ball pythons
  9 frilled lizards
  38 kobolds
  A leopard gecko skeleton (D:7)
  A leopard gecko zombie (D:8)
  A quokka zombie (D:9)
  17 rats
  2 fire vortices (Volcano)
  9 fungi
  7 plants (Lair:6)
941 creatures vanquished.

Vanquished Creatures (others)
  The ghost of Turgon the Carver, an adept OpFi of Gozag (Spider:2)
  A wolf spider (Spider:1)
  A yak (IceCv)
  2 wolves (IceCv)
  An orc (Orc:1)
  2 fire vortices (Volcano)
  7 fungi
  23 plants (Lair:6)
  42 spectral weapons
80 creatures vanquished.

Grand Total: 1021 creatures vanquished

Notes
Turn   | Place    | Note
-------+----------+-------------------------------------------
     0 | D:1      | Alarkh the Demonspawn Skald began the quest for the Orb.
     0 | D:1      | Reached XP level 1. HP: 16/16 MP: 3/3
   108 | D:1      | Reached skill level 2 in Axes
   489 | D:1      | Gained mutation: You are slightly more attuned to the shadows. [demonic ancestry]
   489 | D:1      | Reached XP level 2. HP: 22/22 MP: 1/5
  1339 | D:2      | Reached skill level 3 in Axes
  1472 | D:2      | Gained mutation: You regenerate a little health from kills. [demonic ancestry]
  1472 | D:2      | Reached XP level 3. HP: 27/27 MP: 0/6
  1767 | D:2      | Noticed Terence
  1851 | D:1      | Killed Terence
  1851 | D:1      | Reached skill level 4 in Axes
  1851 | D:1      | Gained mutation: Your movements are slightly less encumbered by armour. (ER -2) [demonic ancestry]
  1851 | D:1      | Reached XP level 4. HP: 14/33 MP: 2/7
  1993 | D:1      | Learned a level 2 spell: Shroud of Golubria
  1997 | D:1      | Learned a level 3 spell: Regeneration
  2791 | D:3      | Gained mutation: Your movements are less encumbered by armour. (ER -4) [demonic ancestry]
  2791 | D:3      | Reached XP level 5. HP: 20/38 MP: 4/8
  3019 | D:3      | Found a hide-covered altar of Uskayaw.
  3509 | D:3      | Reached skill level 5 in Axes
  4266 | D:4      | Noticed Blork the orc
  4269 | D:4      | Noticed Menkaure
  4680 | D:4      | Found Siteas's Distillery.
  4681 | D:4      | Noticed an ogre
  4860 | D:4      | Reached XP level 6. HP: 41/44 MP: 5/9
  4865 | D:4      | Learned a level 3 spell: Spectral Weapon
  4971 | D:4      | Reached skill level 6 in Axes
  5184 | D:4      | Killed Menkaure
  5316 | D:4      | Reached skill level 7 in Axes
  5316 | D:4      | Reached XP level 7. HP: 50/50 MP: 1/10
  5513 | D:4      | Bought 2 potions of might for 88 gold pieces
  5513 | D:4      | Bought a potion of lignification for 33 gold pieces
  5513 | D:4      | Bought a potion of heal wounds for 55 gold pieces
  5513 | D:4      | Bought a potion of degeneration for 11 gold pieces
  6246 | D:3      | Killed Blork the orc
  6332 | D:5      | Entered Level 5 of the Dungeon
  6709 | D:5      | HP: 2/50 [acid (9)]
  6779 | D:5      | Reached skill level 8 in Axes
  7004 | D:5      | Gained mutation: You have large cloven feet. [demonic ancestry]
  7004 | D:5      | Reached XP level 8. HP: 56/56 MP: 6/12
  7873 | D:6      | Reached skill level 9 in Axes
  8599 | D:7      | Found a staircase to the Ecumenical Temple.
  8604 | D:7      | Gained mutation: You are significantly more attuned to the shadows. [demonic ancestry]
  8604 | D:7      | Reached XP level 9. HP: 57/61 MP: 11/15
  8688 | Temple   | Entered the Ecumenical Temple
  9017 | D:7      | Reached skill level 5 in Charms
  9060 | D:7      | Found a stormy altar of Qazlal.
  9067 | D:7      | Found a hazy altar of Hepliaklqana.
  9108 | D:7      | Found Ceaclip's Jewellery Emporium.
 10037 | D:8      | Noticed bworf's ghost (novice DgWn)
 10581 | D:8      | Reached skill level 5 in Spellcasting
 10589 | D:8      | Reached skill level 10 in Axes
 10778 | D:8      | Found an iron altar of Okawaru.
 10784 | D:8      | Became a worshipper of Warmaster Okawaru
 11166 | D:8      | Noticed a troll
 11280 | D:9      | Reached skill level 1 in Armour
 11547 | D:9      | Found a staircase to the Orcish Mines.
 11551 | D:9      | Found Koupetziw's Magic Scroll Shop.
 11557 | D:9      | Bought a scroll of blinking for 120 gold pieces
 11557 | D:9      | Bought a scroll of identify for 32 gold pieces
 11708 | D:9      | Reached XP level 10. HP: 48/68 MP: 18/18
 12068 | D:9      | Reached * piety under Okawaru
 12369 | D:10     | Entered Level 10 of the Dungeon
 12827 | D:10     | Noticed a two-headed ogre
 12834 | D:10     | Killed a two-headed ogre
 12834 | D:10     | Reached skill level 11 in Axes
 13161 | D:10     | Reached ** piety under Okawaru
 13699 | D:11     | Noticed Josephine
 13705 | D:11     | Killed Josephine
 13705 | D:11     | Reached *** piety under Okawaru
 13721 | D:11     | Gained mutation: Your movements are significantly less encumbered by armour. (ER -6) [demonic ancestry]
 13721 | D:11     | Reached XP level 11. HP: 25/78 MP: 11/20
 13871 | D:11     | Reached skill level 5 in Fighting
 13986 | D:11     | Reached **** piety under Okawaru
 14028 | D:11     | Found a labyrinth entrance.
 14048 | Lab      | Entered a labyrinth
 14185 | Lab      | Noticed a minotaur
 14194 | Lab      | Killed a minotaur
 14194 | Lab      | Reached skill level 12 in Axes
 14301 | D:11     | Found a staircase to the Lair.
 14320 | Lair:1   | Entered Level 1 of the Lair of Beasts
 14479 | Lair:1   | Reached skill level 5 in Dodging
 14481 | Lair:1   | Reached skill level 5 in Armour
 14487 | Lair:1   | Reached ***** piety under Okawaru
 14653 | Lair:1   | Got a distressingly furry ring mail
 14678 | Lair:1   | Found a frozen archway.
 14698 | Lair:1   | Identified the +1 ring mail of the Hills {rPois Regen+ Slay-5} (You found it on level 1 of the Lair of Beasts)
 14715 | IceCv    | Entered an ice cave
 15105 | IceCv    | Got an iridescent rapier
 15188 | IceCv    | Received a gift from Okawaru
 15291 | IceCv    | Reached XP level 12. HP: 70/89 MP: 18/21
 15556 | IceCv    | Reached skill level 13 in Axes
 15645 | IceCv    | Noticed a death yak
 15660 | IceCv    | Noticed a death yak
 15672 | IceCv    | Killed a death yak
 15672 | IceCv    | Reached skill level 1 in Invocations
 15731 | IceCv    | Killed a death yak
 15978 | IceCv    | Noticed a white draconian
 16057 | IceCv    | Killed a white draconian
 16057 | IceCv    | Reached ****** piety under Okawaru
 16084 | IceCv    | Received a gift from Okawaru
 16085 | IceCv    | Got a brightly glowing scarf {god gift}
 16120 | IceCv    | Identified the scarf of Pantheism {rN+} (Okawaru gifted it to you in an ice cave)
 17460 | Lair:2   | Learned a level 1 spell: Summon Butterflies
 17462 | Lair:2   | Learned a level 1 spell: Apportation
 18401 | Lair:2   | Found a staircase to the Shoals.
 18550 | Lair:2   | Found a hole to the Spider Nest.
 19022 | Lair:3   | Reached skill level 5 in Invocations
 19033 | Lair:3   | Reached XP level 13. HP: 43/98 MP: 3/22
 19776 | Lair:3   | Reached skill level 14 in Axes
 21562 | Lair:5   | Received a gift from Okawaru
 21565 | Lair:5   | Got a fine scarf {god gift}
 21576 | Lair:5   | Identified the scarf of the Ecumenical Temple {rPois} (Okawaru gifted it to you on level 5 of the Lair of Beasts)
 22127 | Lair:5   | Got a transparent steel amulet
 23008 | Lair:2   | Identified the amulet "Duow Goc" {RegenMP rF+ Str+4 SInv} (You found it on level 5 of the Lair of Beasts)
 23119 | Lair:6   | Entered Level 6 of the Lair of Beasts
 23193 | Lair:6   | Found a dark tunnel.
 23249 | Volcano  | Entered a volcano
 24358 | Lair:6   | Found a staircase to the Slime Pits.
 24686 | Lair:6   | Received a gift from Okawaru
 24846 | Lair:6   | Reached XP level 14. HP: 108/108 MP: 21/23
 24882 | Lair:6   | Received a gift from Okawaru
 24884 | Lair:6   | Reached skill level 15 in Axes
 25395 | Lair:6   | Got a brightly glowing iron ring
 25451 | Lair:6   | Identified the ring of Bydaowki {rC- MR+ Dex+7 Slay+3} (You found it on level 6 of the Lair of Beasts)
 26400 | Lair:6   | Found a runed door.
 26509 | Lair:6   | Received a gift from Okawaru
 27018 | Lair:6   | Reached skill level 10 in Fighting
 27047 | Lair:6   | Got a faintly glowing broad axe {god gift}
 27048 | Lair:6   | Identified the +1 broad axe "Grom" {chop, *Slow Int+4 Dex+3 SInv} (Okawaru gifted it to you on level 6 of the Lair of Beasts)
 27945 | D:11     | Gained mutation: You can translocate small distances at will. [mutagenic meat]
 27946 | D:11     | Gained mutation: Scrolls take you a little longer to read. [mutagenic meat]
 27947 | D:11     | Gained mutation: Your flesh is heat resistant. (rF+) [mutagenic meat]
 28336 | Orc:1    | Entered Level 1 of the Orcish Mines
 28451 | Orc:1    | Found Hynint's General Store.
 28541 | Orc:1    | Noticed Erolcha
 28563 | Orc:1    | Killed Erolcha
 28572 | Orc:1    | Identified a scroll of acquirement
 28772 | Orc:1    | You fall through a shaft!
 28772 | Orc:2    | Entered Level 2 of the Orcish Mines
 28901 | Orc:2    | Received a gift from Okawaru
 28968 | Orc:2    | Found Kaarup's Book Boutique.
 28969 | Orc:2    | Found Sommyov's Weapon Boutique.
 28984 | Orc:2    | Reached skill level 16 in Axes
 28986 | Orc:2    | Gained mutation: You are completely attuned to the shadows. [demonic ancestry]
 28986 | Orc:2    | Reached XP level 15. HP: 107/117 MP: 13/24
 29253 | Orc:2    | Found Sarholen's Jewellery Emporium.
 29498 | Orc:2    | Found a staircase to the Elven Halls.
 29821 | Orc:2    | Bought a cursed amulet of inaccuracy for 30 gold pieces
 29822 | Orc:2    | Found Faemotoh's General Store.
 29827 | Orc:2    | Bought a scroll of magic mapping for 38 gold pieces
 29827 | Orc:2    | Bought a scroll of identify for 22 gold pieces
 29827 | Orc:2    | Bought a scroll of identify for 22 gold pieces
 30442 | D:9      | Bought a scroll of enchant armour for 120 gold pieces
 30497 | D:7      | Bought an uncursed ring of protection from cold for 350 gold pieces
 30611 | Lair:2   | Got a wavering tin ring
 30613 | Lair:2   | Identified the ring "Quukh" {+Blink rN+ Stlth+} (You acquired it on level 2 of the Lair of Beasts)
 30645 | Lair:2   | Lost mutation: Your flesh is heat resistant. (rF+) [potion of mutation]
 30645 | Lair:2   | Lost mutation: Scrolls take you a little longer to read. [potion of mutation]
 30645 | Lair:2   | Gained mutation: You are covered in fur. (AC +1) [potion of mutation]
 30645 | Lair:2   | Gained mutation: Your magical capacity is low. (-10% MP) [potion of mutation]
 30645 | Lair:2   | Gained mutation: You have supernaturally acute eyesight. (SInv) [potion of mutation]
 30973 | D:12     | Noticed Rupert
 30990 | D:12     | Killed Rupert
 30990 | D:12     | Received a gift from Okawaru
 30993 | D:12     | Got a twisted plate armour {god gift}
 31027 | D:12     | Identified the +5 plate armour of Rotation {Str+9} (Okawaru gifted it to you on level 12 of the Dungeon)
 31170 | D:12     | Found a basalt altar of Yredelemnul.
 32545 | D:14     | Found Ustred's Antique Weapon Shop.
 32595 | D:14     | Reached skill level 10 in Dodging
 32612 | D:14     | Found a gate to the Vaults.
 32767 | D:14     | Found a flagged portal.
 32774 | Bailey   | Entered a bailey
 33202 | D:14     | Reached skill level 10 in Armour
 34075 | D:15     | Entered Level 15 of the Dungeon
 34083 | D:15     | Received a gift from Okawaru
 34744 | D:15     | Noticed Roxanne
 35049 | D:15     | Found a staircase to the Depths.
 35333 | D:15     | Reached skill level 17 in Axes
 35339 | D:15     | Reached XP level 16. HP: 102/126 MP: 12/22
 35684 | D:15     | Killed Roxanne
 35685 | D:15     | Identified Roxanne's Incunabulum of Stones (You took it off Roxanne on level 15 of the Dungeon)
 35899 | D:11     | Received a gift from Okawaru
 35900 | D:11     | Got a creamy pearl robe {god gift}
 35911 | D:11     | Identified the +5 robe "Narchyut" {MR+ Str+4 Int-4 Stlth+} (Okawaru gifted it to you on level 11 of the Dungeon)
 36009 | Lair:2   | Upgraded the game from 0.20-a0-984-ge8aa303 to 0.20-a0-993-gba41c3c
 36084 | Spider:1 | Entered Level 1 of the Spider Nest
 37048 | Spider:1 | Learned a level 6 spell: Deflect Missiles
 37539 | Spider:1 | Got a bloodstained cloak
 37550 | Spider:1 | Identified the +2 cloak "Quproest" {+Fly rPois rC+ Int-5} (You found it on level 1 of the Spider Nest)
 38024 | Spider:2 | Noticed Turgon's ghost (adept OpFi)
 38699 | Spider:2 | Killed Turgon's ghost
 39383 | Spider:2 | Received a gift from Okawaru
 40256 | Spider:3 | Noticed Mara
 40271 | Spider:3 | Killed Mara
 40271 | Spider:3 | Received a gift from Okawaru
 40630 | Spider:3 | Got a twisted hand axe
 40631 | Spider:3 | Identified the cursed +0 hand axe of Invincibility {freeze, *Contam Str+3} (You found it on level 3 of the Spider Nest)
 41391 | Spider:3 | Noticed Nikola
 41401 | Spider:3 | HP: 1/129 [Nikola/chain lightning (34)]
 41401 | Spider:3 | Killed from afar by Nikola

Vault maps used:
D:1:      minmay_arrival_stair_chambers
D:2:      uniq_terence
D:3:      lemuel_coloured_pillars_altar
D:4:      serial_shops, shop, minmay_misc_feat_nine_boxes, uniq_menkaure,
          uniq_blork_the_orc
D:5:      black_bear_nest_1, first_bread
D:6:      minmay_splitting_lines
D:7:      minitemple, minmay_temple_entry_grid, serial_shops, shop,
          grunt_ogre_cave
D:8:      okawaru_ov_weapons_minmay, minmay_small_thing
D:9:      orc_0_dummy, serial_shops, nicolae_shop_stone
D:11:     minmay_lair_entry_lava, lab_entry_generic, uniq_josephine
D:12:     david_defended_altar_elf, uniq_rupert
D:13:     minmay_unpleasant_kobolds
D:14:     minmay_crescents, erik_vaults_1, enter_bailey_2, minivault_25,
          serial_shops, nicolae_shop_trees
D:15:     grunt_enter_depths_magical_seal, minmay_misc_feat_rows, uniq_roxanne
Temple:   dpeg_five_rooms_temple
Lair:1:   portal_ice_cave_rime
Lair:2:   shoals_dummy_entry, nicolae_spider_entry_orb_guardian,
          beast_lair_carwin_10, infiniplex_staircase_pool
Lair:3:   grunt_forest_large_clearings, serial_bayou_shore_a
Lair:4:   grunt_megastairs_4, lemuel_fruit_tree
Lair:5:   kennysheep_abandoned_house
Lair:6:   wormcave, guppyfry_lair_end_dragon, minmay_slime_entry_jelly_boxes,
          enter_volcano_3, st_stairs_13, grunt_megastairs_5
Spider:1: cheibrodos_spider_silkery
Spider:2: spider_trap
Spider:3: spider_trap, uniq_nikola, uniq_mara
Orc:1:    serial_shops, shop_fountains, nicolae_orc_rockfall,
          nicolae_orc_pool_cavern, uniq_erolcha
Orc:2:    st_orc_open, mines5_lemuel
Lab:      labyrinth_hidden_loot
Bailey:   bailey_axe_2, bailey
IceCv:    ice_cave_caverns_02
Volcano:  volcano_aerie

Skill      XL: |  1  2  3  4  5  6  7  8  9 10 11 12 13 14 15 16 |
---------------+-------------------------------------------------+-----
Axes           | 2 3 4 5 7 8 9 10 11 12 13 14 16 17 | 17.9
Charms         | 3 4 6 |  6.0
Spellcasting   | 3 4 5 6 |  6.0
Armour         | 1 4 5 6 8 9 10 11 | 11.2
Dodging        | 2 4 5 7 8 9 10 11 | 11.5
Fighting       | 4 6 8 9 10 11 12 | 12.4
Invocations    | 5 7 8 |  8.0

Action                   |  1- 3 |  4- 6 |  7- 9 | 10-12 | 13-15 | 16-18 || total
-------------------------+-------+-------+-------+-------+-------+-------++-------
Melee: Hand axe          |    57 |       |       |       |       |       ||    57
       War axe           |    30 |   144 |   324 |   438 |       |       ||   936
       Kick              |       |       |    55 |   181 |   378 |   167 ||   781
       Punch             |       |       |       |     2 |       |       ||     2
       Battleaxe         |       |       |       |   131 |  1119 |   445 ||  1695
 Cast: Infusion          |    19 |    13 |       |       |       |       ||    32
       Shroud of Golubri |       |     5 |     6 |     2 |       |     8 ||    21
       Regeneration      |       |     1 |     4 |    34 |    57 |    28 ||   124
       Spectral Weapon   |       |     2 |    22 |    64 |   125 |     6 ||   219
Invok: Heroism           |       |       |       |    10 |    15 |     7 ||    32
       Finesse           |       |       |       |     1 |       |       ||     1
Evoke: Wand              |       |     1 |     4 |       |     8 |       ||    13
       Phial of floods   |       |       |       |       |     1 |       ||     1
  Use: Scroll            |     4 |     4 |     7 |    16 |    20 |    11 ||    62
       Potion            |       |     3 |     4 |     7 |     2 |     8 ||    24
 Stab: Sleeping          |     5 |     3 |       |     6 |    14 |     9 ||    37
       Confused          |       |     2 |       |       |       |       ||     2
       Distracted        |       |     1 |     2 |     8 |    11 |     6 ||    28
       Fleeing           |       |       |       |       |       |     1 ||     1
  Eat: Chunk             |     3 |    12 |    19 |    31 |    60 |    20 ||   145
       Fruit             |       |       |     3 |       |       |       ||     3
       Meat ration       |       |       |     1 |       |     1 |       ||     2
       Bread ration      |       |       |       |       |     1 |       ||     1
       Royal jelly       |       |       |       |       |     1 |       ||     1
Armor: Leather armour    |    21 |    29 |       |       |       |       ||    50
       Ring mail         |       |    14 |     1 |       |       |       ||    15
       Scale mail        |       |       |    94 |   265 |   300 |       ||   659
       Troll leather arm |       |       |       |     9 |       |       ||     9
       Pearl dragon scal |       |       |       |       |   178 |   330 ||   508
Dodge: Dodged            |    39 |   101 |   173 |   395 |   870 |   478 ||  2056
